 Dungeon Crawl Stone Soup version 0.28-a0-612-gcfc00ec14d (webtiles) character file.

Game seed: 2521452376395513240

4445 porpoise the Thaumaturge (level 10, -8/56 HPs)
             Began as a Deep Elf Conjurer on Oct 6, 2021.
             Was a Believer of Vehumet.
             Mangled by a two-headed ogre (29 damage)
             ... on level 8 of the Dungeon.
             The game lasted 00:36:32 (11993 turns).

porpoise the Thaumaturge (Deep Elf Conjurer)       Turns: 11993, Time: 00:36:37

Health: -8/56      AC: 10    Str:  6    XL:     10   Next: 15%
Magic:  14/26      EV: 15    Int: 25    God:    Vehumet [**....]
Gold:   466        SH:  0    Dex: 13    Spells: 19/30 levels left

rFire   . . .      SeeInvis +   b - +0 hunting sling (venom)
rCold   . . .      Faith    .   (no shield)
rNeg    . . .      Spirit   .   F - +2 robe {Will+}
rPois   .          Reflect  .   r - +1 helmet
rElec   .          Harm     .   K - +0 cloak
rCorr   .          Rampage  .   w - +2 pair of gloves {Stlth+}
Will    ++...                   (no boots)
Stlth   +++.......              (no amulet)
HPRegen 0.18/turn               d - ring of see invisible
MPRegen 0.20/turn               c - ring of wizardry

@: no status effects
A: no striking features
a: Renounce Religion


You were on level 8 of the Dungeon.
You worshipped Vehumet.
Vehumet was pleased with you.
You visited 2 branches of the dungeon, and saw 9 of its levels.

You collected 466 gold pieces.

Inventory:

Hand Weapons
 a - a +1 rapier
 b - a +0 hunting sling of venom (weapon)
 k - a +1 mace of holy wrath
 o - a +2 whip of pain
Missiles
 e - 224 stones
 f - 10 boomerangs
 l - 50 sling bullets (quivered ammo)
 y - 3 poisoned darts
 I - 8 javelins
 J - 2 atropa-tipped darts
 M - 3 silver javelins
Armour
 r - a +1 helmet (worn)
 t - a +2 robe of positive energy
 w - a +2 pair of gloves of stealth (worn)
 F - a +2 robe of willpower (worn)
 K - a +0 cloak (worn)
Magical Staves
 x - a staff of air
Jewellery
 c - a ring of wizardry (right hand)
 d - a ring of see invisible (left hand)
 E - a ring of wizardry
Wands
 m - a wand of digging (4)
 q - a wand of flame (17)
 C - a wand of mindburst (25)
 H - a wand of iceblast (14)
Scrolls
 h - a scroll of teleportation
 j - a scroll of identify
 p - 2 scrolls of enchant weapon
 v - a scroll of amnesia
Potions
 g - a potion of cancellation {unknown}
 i - a potion of mutation {unknown}
 n - 2 potions of flight
 s - 2 potions of curing
 u - a potion of brilliance {unknown}
 z - a potion of heal wounds
 A - 2 potions of might
 B - 2 potions of degeneration {unknown}
 D - a potion of attraction {unknown}
 G - 2 potions of haste {unknown}
 O - a potion of lignification {unknown}


   Skills:
 - Level 3.0 Fighting
 - Level 7.0 Dodging
 - Level 2.4 Stealth
 + Level 10.5 Spellcasting
 - Level 7.0 Conjurations
 - Level 7.0 Hexes
 - Level 7.0 Translocations
 + Level 4.4 Evocations


You had 19 spell levels left.
You knew the following spells:

 Your Spells              Type           Power      Damage    Failure   Level
a - Magic Dart            Conj           100%       1d8       1%          1
b - Searing Ray           Conj           96%        2d7       1%          2
c - Fulminant Prism       Conj/Hex       24%        3d13      1%          4
d - Iskenderun's Mystic   Conj/Tloc      48%        2d11      1%          4

Your spell library contained the following spells:

 Spells                   Type           Power      Damage    Failure   Level
 Shock                    Conj/Air       100%       1d9       1%          1
 Dazzling Flash           Conj/Hex       96%        N/A       1%          3
 Ozocubu's Armour         Ice            13%        N/A       6%          3
 Metabolic Englaciation   Hex/Ice        15%        N/A       12%         5
 Simulacrum               Ice/Necr       6%         N/A       94%         6


Dungeon Overview and Level Annotations

Branches:
Dungeon (8/15)             Temple (1/1) D:4
   Lair: D:8-11

Altars:
Ashenzari
Cheibriados
Dithmenos
Elyvilon
Fedhas
Gozag
Kikubaaqudgha
Makhleb
Nemelex Xobeh
Okawaru
Qazlal
Ru
Sif Muna
Trog
Uskayaw
Vehumet
Wu Jian
Xom
Yredelemnul
Zin
The Shining One

Shops:
D:8 =


Message History

Press: ? - help, Dir - move target You conjure a prism of explosive energy!
A fulminant prism comes into view.
Casting: Fulminant Prism (dangerous; 1% risk of failure)
Confirm with . or Enter, or press ? or * to list all spells.
You can't see any susceptible monsters within range! (Use Z to cast anyway.) Unknown command.
You shoot a sling bullet.
The sling bullet hits the two-headed ogre.
The two-headed ogre is poisoned.
The two-headed ogre is lightly wounded.
Your fulminant prism crackles loudly.
Casting: Fulminant Prism (dangerous; 1% risk of failure)
Confirm with . or Enter, or press ? or * to list all spells.
Aiming: Searing Ray (safe; 1% risk of failure)
Press: ? - help, Shift-Dir - straight line, f/p - two-headed ogre
Aim: a two-headed ogre, wielding two +0 giant spiked clubs (lightly wounded, very poisoned, ally target, 92% to hit)
The searing ray hits the two-headed ogre!
The two-headed ogre is moderately wounded. (Press . to maintain the ray.)
Your fulminant prism explodes!
The blast of energy engulfs the two-headed ogre!
The two-headed ogre is moderately wounded.
The searing ray hits the two-headed ogre!
The two-headed ogre is heavily wounded.
The searing ray hits the two-headed ogre.
The two-headed ogre is severely wounded.
The searing ray hits the two-headed ogre!
The two-headed ogre is almost dead.
You finish channelling your searing ray.
The two-headed ogre hits you with a +0 giant spiked club!!
The two-headed ogre hits you with a +0 giant spiked club!
Casting: Searing Ray (safe; 1% risk of failure)
Confirm with . or Enter, or press ? or * to list all spells.
You erupt in a blast of force!
The mystic blast hits the two-headed ogre!
The two-headed ogre is almost dead.
The two-headed ogre hits you with a +0 giant spiked club!!
Ouch! That really hurt!
You die...

(...#
*.......#.###### #.
.####
#.#...#.....>..# ##
##
###.#.....#.####.#
# #...........# #)#
#.#.###..#### #.#
#.#.###..## #)#
####.........##**
#)#
##...#.###......,*
#.#
##.###...@.......,*
#)### #.##
##.##O......,*
#...# #.#
#.#*.......,* #...#
#.## *#.##....(>.,*
#...#
##.###...........,*
#...#
##...###*#......,*
##.## #......#
*######** #.#
#.#.##.# #.#
#.#.##.###### #.#


You could see a two-headed ogre (very poisoned).

Vanquished Creatures
  Grinder (D:6)
  Prince Ribbit (D:5)
  Sigmund (D:6)
  A wyvern (D:8)
  A wraith (D:6)
  A steam dragon (D:8)
  3 water moccasins
  An ice beast (D:4)
  3 orc warriors
  3 black bears
  A necrophage (D:5)
  4 ogres
  3 bullfrogs
  A gnoll sergeant (D:5)
  6 scorpions
  7 killer bees
  4 wights (D:7)
  2 howler monkeys
  4 centaur zombies
  2 centaur skeletons (D:7)
  A hound (D:5)
  3 jellies
  4 orc priests
  Crazy Yiuf (D:6)
  Jessica (D:2)
  2 orc wizards
  An iguana (D:3)
  A scorpion zombie (D:5)
  A howler monkey zombie (D:8)
  Robin (D:2)
  15 gnolls
  9 adders
  An ufetubus (D:4)
  A worm (D:3)
  A dart slug (D:2)
  13 orcs
  7 endoplasms
  3 giant cockroaches
  20 goblins
  8 hobgoblins
  6 jackals (D:4)
  3 quokkas
  9 ball pythons
  11 bats
  4 frilled lizards
  8 kobolds
  5 rats
190 creatures vanquished.

Vanquished Creatures (others)
  16 fulminant prisms
  4 fungi
  2 plants (D:1)
22 creatures vanquished.

Grand Total: 212 creatures vanquished

Notes
Turn   | Place    | Note
-------+----------+-------------------------------------------
     0 | D:1      | porpoise the Deep Elf Conjurer began the quest for the Orb.
     0 | D:1      | Reached XP level 1. HP: 10/10 MP: 6/6
   155 | D:1      | Reached XP level 2. HP: 15/15 MP: 5/8
   158 | D:1      | Learned a level 2 spell: Searing Ray
   640 | D:1      | Found a faded altar of an unknown god.
   817 | D:2      | Reached skill level 4 in Spellcasting
   953 | D:2      | Reached skill level 5 in Conjurations
   953 | D:2      | Reached XP level 3. HP: 16/19 MP: 6/10
  1058 | D:2      | Reached XP level 4. HP: 24/24 MP: 6/12
  1270 | D:2      | Noticed Robin
  1283 | D:2      | Killed Robin
  1284 | D:2      | Reached skill level 5 in Spellcasting
  1501 | D:2      | Noticed Jessica
  1502 | D:2      | Killed Jessica
  2343 | D:2      | Reached XP level 5. HP: 28/28 MP: 9/14
  2479 | D:2      | Learned a level 4 spell: Fulminant Prism
  2484 | D:2      | Learned a level 4 spell: Iskenderun's Mystic Blast
  2926 | D:3      | Reached skill level 1 in Hexes
  3173 | D:3      | Noticed an ogre
  3180 | D:3      | Killed an ogre
  3181 | D:3      | Reached skill level 6 in Spellcasting
  3181 | D:3      | Reached XP level 6. HP: 9/32 MP: 7/17
  3666 | D:3      | Found a shimmering altar of Xom.
  3994 | D:4      | Reached skill level 7 in Spellcasting
  4062 | D:4      | Reached skill level 1 in Translocations
  4167 | D:4      | Reached XP level 7. HP: 36/36 MP: 14/19
  4340 | D:4      | Reached skill level 5 in Hexes
  4371 | D:4      | Found a staircase to the Ecumenical Temple.
  4380 | Temple   | Entered the Ecumenical Temple
  4674 | Temple   | Became a worshipper of Vehumet
  5614 | D:5      | Entered Level 5 of the Dungeon
  6302 | D:5      | Reached XP level 8. HP: 41/41 MP: 15/20
  6732 | D:5      | Reached skill level 5 in Translocations
  7448 | D:5      | Noticed Prince Ribbit
  7555 | D:5      | Reached skill level 8 in Spellcasting
  8007 | D:5      | Reached skill level 1 in Fighting
  8160 | D:5      | Killed Prince Ribbit
  8357 | D:6      | Reached skill level 9 in Spellcasting
  8450 | D:6      | Noticed Sigmund
  8455 | D:6      | Killed Sigmund
  8456 | D:6      | Reached XP level 9. HP: 42/50 MP: 17/24
  8516 | D:6      | Found a runed translucent door.
  8517 | D:6      | Noticed Crazy Yiuf
  8523 | D:6      | Killed Crazy Yiuf
  8788 | D:6      | Noticed Grinder
  8795 | D:6      | Killed Grinder
  9075 | D:6      | Found a shimmering blue altar of Sif Muna.
  9370 | D:6      | Reached * piety under Vehumet
  9370 | D:6      | Offered knowledge of Foxfire by Vehumet.
  9616 | D:7      | Reached skill level 5 in Dodging
  9879 | D:7      | Reached skill level 1 in Evocations
 10350 | D:7      | Found a sparkling altar of Nemelex Xobeh.
 11136 | D:8      | Reached skill level 10 in Spellcasting
 11140 | D:8      | Reached XP level 10. HP: 56/56 MP: 20/26
 11141 | D:8      | Offered knowledge of Shock by Vehumet.
 11274 | D:8      | Reached ** piety under Vehumet
 11664 | D:8      | Found Qimin's Jewellery Shop.
 11986 | D:8      | Noticed a two-headed ogre
 11993 | D:8      | Mangled by a two-headed ogre

Illustrated notes

Levels and vault maps discovered:
D:1:      scummos_arrival_simple_fountains, layout_rooms,
          shapermc_ecumenical_altar_petra
D:2:      layout_loops_ring, serial_co_window_serial, co_window_corner_a,
          co_window_corner_a, co_window_paths_b, co_window_corner_a,
          co_window_of_opportunity_a, co_window_corner_a,
          co_window_of_opportunity_a, co_window_cross_4,
          co_window_unsneaky_path_c, co_window_2corner, glass_columns_a,
          glass_columns_c, glass_columns_a, glass_columns_a, uniq_robin,
          uniq_jessica
D:3:      layout_rooms, xom_teletrap_fun, minmay_ogre_servants
D:4:      old_forge, layout_cave_pools, minmay_temple_entry_wispy
D:5:      layout_loops_corners, lightli_minifort, uniq_prince_ribbit1
D:6:      layout_loops_ring, general_overflow_altar, uniq_crazy_yiuf_cottage,
          uniq_sigmund, uniq_grinder
D:7:      layout_basic, mainiacjoe_overflow_alcove_1, minmay_misc_feat_roman
D:8:      layout_loops_cross, serial_shops, shop_coins
Temple:   hc_temple_tempest_star

Skill      XL: |  1  2  3  4  5  6  7  8  9 10 |
---------------+-------------------------------+-----
Spellcasting   | 4 5 6 7 9 10 | 10.5
Conjurations   | 5 7 |  7.0
Hexes          | 3 4 7 |  7.0
Translocations | 1 4 5 7 |  7.0
Fighting       | 3 |  3.0
Dodging        | 7 |  7.0
Evocations     | 3 4 |  4.4
Stealth        | |  2.4

Action                   |  1- 3 |  4- 6 |  7- 9 | 10-12 || total
-------------------------+-------+-------+-------+-------++-------
Melee: Rapier            |     4 |       |    13 |       ||    17
 Fire: Hunting sling     |       |       |    39 |    19 ||    58
 Cast: Magic Dart        |    42 |    50 |       |       ||    92
       Searing Ray       |     3 |    22 |    66 |     4 ||    95
       Fulminant Prism   |       |       |    14 |     2 ||    16
       Iskenderun's Myst |       |       |    19 |     7 ||    26
  Use: Scroll            |       |     4 |    11 |       ||    15
       Potion            |       |       |     1 |       ||     1
Armor: Robe              |     3 |     2 |    30 |     1 ||    36
Dodge: Dodged            |     1 |     7 |    50 |     4 ||    62

Table legend: (Time is in decaauts)
 A = Elapsed time spent in this place.
 B = Non-inter-level travel time spent in this place.
 C = Inter-level travel time spent in this place.
 D = Time resting spent in this place.
 E = Time spent auto-exploring this place.
 F = Levels seen in this place.
 G = Mean time per level.
                   A        B        C        D        E       F      G
               +--------+--------+--------+--------+--------+-----+--------+
         Total |  12008 |  11701 |    307 |   6197 |   3880 |   9 | 1334.2 |
       Dungeon |  11698 |  11404 |    294 |   6197 |   3640 |   8 | 1462.2 |
        Temple |    309 |    297 |     12 |      0 |    240 |   1 |  309.0 |
               +--------+--------+--------+--------+--------+-----+--------+

Top non-repeatable levels by time:
     D:5: 2456 daAuts
     D:4: 1812 daAuts
     D:2: 1793 daAuts
     D:7: 1295 daAuts
     D:3: 1201 daAuts
     D:6: 1199 daAuts
     D:8: 1162 daAuts
     D:1: 776 daAuts
  Temple: 309 daAuts
